 Dungeon Crawl Stone Soup version 0.31.0-9-g3a7656b989 (webtiles) character file.

Game seed: 6610210136269977336

1539 Amaterasu the Ruffian (level 8, -5/61 HPs)
             Began as a Gnoll Shapeshifter on Jan 24, 2024.
             Was an Initiate of Cheibriados.
             Slain by a wight
             ... wielding a +2 spear
              (14 damage)
             ... on level 7 of the Dungeon.
             The game lasted 00:11:31 (5352 turns).

Amaterasu the Ruffian (Gnoll Shapeshifter)          Turns: 5352, Time: 00:11:32

Health: -5/61      AC:  0    Str: 14    XL:     8   Next: 86%
Magic:  3/13       EV: 18    Int: 13    God:    Cheibriados [......]
Gold:   349        SH:  5    Dex: 13    Spells: 6/14 levels left

rFire   . .          .
                       - Unarmed
rCold   . . .        q - melded +0 buckler
rNeg    + . .        g - melded +0 ring mail
rPois   .            (no helmet)
rElec   .            (no cloak)
rCorr   .            (no gloves)
SInv    .            (no boots)
Will    .....        e - amulet of reflection
Stlth   +            l - ring of wizardry
HPRegen 0.30/turn    p - ring of positive energy
MPRegen 0.13/turn

%: reflection, wizardry (x1)
@: flux-form, unable to call your familiar, glowing, very slow
A: glow, contaminating, fangs 1, strong nose, distributed training
a: Begin Untransformation, Renounce Religion


You were on level 7 of the Dungeon.
You worshipped Cheibriados.
Cheibriados was noncommittal.
You were something dangerously unstable.
You visited 2 branches of the dungeon, and saw 8 of its levels.

You collected 349 gold pieces.

Inventory:

Hand Weapons
 w - a +2 short sword
Missiles
 v - a throwing net (quivered)
Armour
 a - a +0 animal skin
 g - a +0 ring mail (melded)
 q - a +0 buckler (melded)
Jewellery
 e - an amulet of reflection (around neck)
 l - a ring of wizardry (left hand)
 n - a +6 ring of dexterity
 p - a ring of positive energy (right hand)
Talismans
 c - a beast talisman
 d - a flux talisman (active)
Wands
 k - a wand of quicksilver (6)
Scrolls
 f - a scroll of revelation
 h - 2 scrolls of teleportation
 j - a scroll of fog
 r - a scroll of immolation
 s - a scroll of amnesia
Potions
 b - 2 potions of lignification
 i - a potion of attraction
 m - a potion of ambrosia
 o - a potion of cancellation {unknown}
 t - 2 potions of heal wounds {unknown}
 u - 3 potions of magic {unknown}


   Skills:
 + Level 4.6 Fighting
 + Level 3.8 Short Blades
 + Level 3.8 Long Blades
 + Level 3.8 Axes
 + Level 3.8 Maces & Flails
 + Level 3.8 Polearms
 + Level 3.8 Staves
 + Level 3.8 Ranged Weapons
 + Level 3.8 Throwing
 + Level 3.8 Armour
 + Level 6.0 Dodging
 + Level 3.8 Stealth
 + Level 3.8 Shields
 + Level 7.6 Unarmed Combat
 + Level 3.8 Spellcasting
 + Level 3.1 Conjurations
 + Level 3.1 Hexes
 + Level 3.1 Summonings
 + Level 3.1 Necromancy
 + Level 3.1 Translocations
 + Level 3.1 Fire Magic
 + Level 3.1 Ice Magic
 + Level 3.1 Air Magic
 + Level 3.1 Earth Magic
 + Level 3.1 Alchemy
 + Level 4.1 Invocations
 + Level 3.8 Evocations
 + Level 7.4 Shapeshifting


You had 6 spell levels left.
You knew the following spells:

 Your Spells              Type           Power      Damage    Failure   Level
a - Blink                 Tloc           20%        N/A       3%          2
b - Summon Ice Beast      Ice/Summ       10%        N/A       8%          3
c - Call Canine Familiar  Summ           10%        N/A       8%          3

Your spell library contained the following spells:

 Spells                   Type           Power      Damage    Failure   Level
 Lesser Beckoning         Tloc           20%        N/A       3%          2
 Momentum Strike          Conj/Tloc      20%        3d8       3%          2
 Hailstorm                Conj/Ice       10%        3d6       8%          3
 Sigil of Binding         Hex            10%        N/A       8%          3
 Volatile Blastmotes      Fire/Tloc      20%        2d11      8%          3
 Dimensional Bullseye     Hex/Tloc       5%         N/A       24%         4
 Fulminant Prism          Conj/Alch      5%         3d7       24%         4
 Iskenderun's Mystic Bla  Conj/Tloc      10%        2d4       24%         4
 Sculpt Simulacrum        Ice/Alch       5%         N/A       97%         6


Dungeon Overview and Level Annotations

Branches:
Dungeon (7/15)             Temple (1/1) D:6

Altars:
Ashenzari
Cheibriados
Dithmenos
Elyvilon
Gozag
Hepliaklqana
Makhleb
Nemelex Xobeh
Ru
Xom
Zin
The Shining One

Annotations:
D:7 Joseph


Innate Abilities, Weirdness & Mutations

You are something dangerously unstable.
You glow with magical radiation, making you easy to see and hit.
Foes you strike become dangerously contaminated with magical radiation.
You are incapable of wielding weapons or throwing items.
You have very sharp teeth.
Your uncanny sense of smell can sniff out nearby items.
Your experience applies equally to all skills.


Message History

The wight drains your ice beast.
Your inugami closely misses the wight.
Your ice beast hits the wight but does no damage.
The wight hits your ice beast with a +2 spear!
Your ice beast dies!
Your ice beast disappears in a puff of smoke!
Your inugami closely misses the wight.
The wight hits your inugami with a +2 spear!
Your inugami dies!
Your inugami disappears in a puff of smoke!
Casting: Call Canine Familiar (dangerous; 8% risk of failure)
Confirm with . or Enter, or press ? or * to list all spells.
Your canine familiar is too injured to answer your call.
Casting: Call Canine Familiar (dangerous; 8% risk of failure)
Confirm with . or Enter, or press ? or * to list all spells.
A chill wind blows around you.
You swap places.
The wight attacks as it pursues you! The wight barely misses you.
Your ice beast hits the wight but does no damage.
The wight closely misses your ice beast.
Your ice beast hits the wight but does no damage.
The wight hits your ice beast with a +2 spear!
Your ice beast barely misses the wight.
The wight closely misses your ice beast.
Your ice beast barely misses the wight.
The wight hits your ice beast with a +2 spear.
The wight drains your ice beast.
Your ice beast hits the wight but does no damage.
The wight hits your ice beast with a +2 spear.
Your ice beast hits the wight but does no damage.
The wight misses your ice beast.
Your ice beast closely misses the wight.
The wight hits your ice beast with a +2 spear!
Your ice beast dies!
Your ice beast disappears in a puff of smoke!
Casting: Summon Ice Beast (dangerous; 8% risk of failure)
Confirm with . or Enter, or press ? or * to list all spells.
You don't have enough magic to cast this spell.
You block the wight's attack.
The wight hits you from afar with a +2 spear!
You die...

######## ##..)...##
###...###?.######
#...#.......z.p.#
##.##.(≈~~≈~~~~~.#
#..##..~~≈≈~~≈≈~.#
##.###..~##+++##~.#
#..# #..~# #~.#
#.## ...≈# #~.#
..#∆ ...~# #~.# ..#
#.~~ ~~.. ..#


You could see a wight.

Vanquished Creatures
  A water moccasin (D:6)
  2 sky beasts (D:7)
  3 ice beasts
  A centaur (D:3)
  A wight (D:7)
  2 hounds
  A jelly (D:4)
  A bombardier beetle (D:5)
  6 iguanas
  A sleepcap (D:4)
  4 orc wizards
  4 adders
  A white imp (D:6)
  4 dart slugs
  19 orcs
  3 endoplasms
  6 giant cockroaches
  10 goblins
  10 hobgoblins
  2 jackals (D:3)
  8 kobolds
  7 quokkas
  9 ball pythons
  10 bats
  4 frilled lizards
  5 rats (D:1)
125 creatures vanquished.

Vanquished Creatures (collateral kills)
  A kobold brigand (D:7)
  3 wights (D:7)
  A hound (D:7)
  A gnoll (D:7)
  3 kobolds (D:7)
9 creatures vanquished.

Grand Total: 134 creatures vanquished

Notes
Turn   | Place    | Note
-------+----------+-------------------------------------------
     0 | D:1      | Amaterasu the Gnoll Shapeshifter began the quest for the
                  | Orb.
     0 | D:1      | Reached XP level 1. HP: 17/17 MP: 1/1
    50 | D:1      | Reached XP level 2. HP: 19/23 MP: 2/2
   261 | D:1      | Reached XP level 3. HP: 26/28 MP: 3/3
   507 | D:2      | Reached skill level 1 in Invocations
   510 | D:2      | Reached skill level 1 in Short Blades
   510 | D:2      | Reached skill level 1 in Long Blades
   510 | D:2      | Reached skill level 1 in Axes
   510 | D:2      | Reached skill level 1 in Maces & Flails
   510 | D:2      | Reached skill level 1 in Polearms
   510 | D:2      | Reached skill level 1 in Staves
   510 | D:2      | Reached skill level 1 in Ranged Weapons
   510 | D:2      | Reached skill level 1 in Throwing
   510 | D:2      | Reached skill level 1 in Armour
   510 | D:2      | Reached skill level 1 in Stealth
   510 | D:2      | Reached skill level 1 in Shields
   510 | D:2      | Reached skill level 1 in Spellcasting
   510 | D:2      | Reached skill level 1 in Evocations
   510 | D:2      | Reached XP level 4. HP: 16/34 MP: 5/5
   628 | D:2      | Reached skill level 1 in Conjurations
   628 | D:2      | Reached skill level 1 in Hexes
   628 | D:2      | Reached skill level 1 in Summonings
   628 | D:2      | Reached skill level 1 in Necromancy
   628 | D:2      | Reached skill level 1 in Translocations
   628 | D:2      | Reached skill level 1 in Fire Magic
   628 | D:2      | Reached skill level 1 in Ice Magic
   628 | D:2      | Reached skill level 1 in Air Magic
   628 | D:2      | Reached skill level 1 in Earth Magic
   628 | D:2      | Reached skill level 1 in Alchemy
  1226 | D:2      | Learned a level 2 spell: Blink
  1313 | D:3      | Reached XP level 5. HP: 37/40 MP: 7/7
  1337 | D:3      | Noticed a centaur
  1355 | D:3      | Killed a centaur
  1561 | D:3      | Reached XP level 6. HP: 29/47 MP: 8/8
  1669 | D:3      | Reached skill level 5 in Dodging
  1936 | D:3      | Found a faded altar of an unknown god.
  2907 | D:4      | Reached XP level 7. HP: 48/52 MP: 10/10
  3320 | D:5      | Entered Level 5 of the Dungeon
  3398 | D:5      | Learned a level 3 spell: Summon Ice Beast
  4130 | D:6      | Reached XP level 8. HP: 21/60 MP: 12/12
  4310 | D:6      | Learned a level 3 spell: Call Canine Familiar
  4577 | D:6      | Found a staircase to the Ecumenical Temple.
  4591 | Temple   | Entered the Ecumenical Temple
  4602 | Temple   | Became a worshipper of Cheibriados the Contemplative
  5191 | D:7      | Noticed Joseph
  5201 | D:7      | Noticed a yak
  5201 | D:7      | Noticed a yak
  5330 | D:7      | HP: 2/61 [wight/+2 spear (6)]
  5352 | D:7      | Slain by a wight

Illustrated notes

Levels and vault maps discovered:
D:1:      dpeg_arrival_rooms_b, layout_rooms, minmay_pentomino_o2
D:2:      layout_basic
D:3:      layout_loops_corners, basic_ecumenical_altar, minmay_pentangle
D:4:      layout_basic, hangedman_decor_peaks_small, minmay_quadrilaterals
D:5:      layout_gridville
D:6:      layout_loops_ring, minmay_temple_entry_offerings
D:7:      layout_rooms, enter_bailey_4, uniq_joseph
Temple:   nicolae_temple_hex_pool

Skill      XL: |  1  2  3  4  5  6  7  8 |
---------------+-------------------------+-----
Invocations    | 1 2 3 4 |  4.1
Short Blades   | 1 2 3 |  3.8
Long Blades    | 1 2 3 |  3.8
Axes           | 1 2 3 |  3.8
Maces & Flails | 1 2 3 |  3.8
Polearms       | 1 2 3 |  3.8
Staves         | 1 2 3 |  3.8
Ranged Weapons | 1 2 3 |  3.8
Throwing       | 1 2 3 |  3.8
Armour         | 1 2 3 |  3.8
Stealth        | 1 2 3 |  3.8
Shields        | 1 2 3 |  3.8
Spellcasting   | 1 2 3 |  3.8
Evocations     | 1 2 3 |  3.8
Conjurations   | 1 2 3 |  3.1
Hexes          | 1 2 3 |  3.1
Summonings     | 1 2 3 |  3.1
Necromancy     | 1 2 3 |  3.1
Translocations | 1 2 3 |  3.1
Fire Magic     | 1 2 3 |  3.1
Ice Magic      | 1 2 3 |  3.1
Air Magic      | 1 2 3 |  3.1
Earth Magic    | 1 2 3 |  3.1
Alchemy        | 1 2 3 |  3.1
Fighting       | 3 4 |  4.6
Dodging        | 5 6 |  6.0
Unarmed Combat | 7 |  7.6
Shapeshifting  | 7 |  7.4

Action                     |  1- 3 |  4- 6 |  7- 9 || total
---------------------------+-------+-------+-------++-------
  Melee: Unarmed           |    57 |   162 |   128 ||   347
         Bite              |     4 |    10 |    11 ||    25
         Punch             |       |     1 |       ||     1
   Cast: Summon Ice Beast  |       |       |     7 ||     7
         Call Canine Famil |       |       |     5 ||     5
    Use: Scroll            |     3 |     5 |     3 ||    11
         Potion            |       |       |     1 ||     1
   Stab: Sleeping          |       |     1 |     2 ||     3
 Armour: Animal skin       |     3 |       |       ||     3
         Ring mail         |    27 |    73 |    33 ||   133
         Skin              |     3 |       |    16 ||    19
  Dodge: Dodged            |    37 |    66 |    56 ||   159
  Block: Other             |       |    20 |     4 ||    24
         Reflection        |       |     2 |     4 ||     6
         Buckler           |       |    27 |    35 ||    62
   Form: Beast             |     1 |       |     1 ||     2
         Flux              |       |       |     2 ||     2
